 Dungeon Crawl Stone Soup version 0.29-a0-529-gfa20dd96a1 (webtiles) character file.

Game seed: 8595254487666414893

1042 Spectrina the Mender (level 8, -3/63 HPs)
             Began as a Meteoran Monk on June 2, 2022.
             Was a Priest of Elyvilon.
             Slain by Joseph
             ... wielding a +0 quarterstaff
              (10 damage)
             ... on level 7 of the Dungeon.
             The game lasted 00:16:51 (1967 turns).

Spectrina the Mender (Meteoran Monk)                Turns: 1967, Time: 00:16:51

Health: -3/63      AC:  4    Str: 15    XL:     8   Next: 78%
Magic:  21/23      EV: 13    Int: 12    God:    Elyvilon [***...]
Gold:   171        SH:  0    Dex: 18    Spells: 6/7 levels left

rFire   + . .      SeeInvis .   a - +0 dagger (elec)
rCold   . . .      Faith    .   (no shield)
rNeg    . . .      Spirit   .   k - +0 robe
rPois   .          Reflect  .   I - +0 helmet
rElec   .          Harm     .   (no cloak)
rCorr   .          Rampage  .   (no gloves)
Will    +....                   g - +0 pair of boots
Stlth   +.........              (no amulet)
HPRegen 0.20/turn               G - ring of magical power
MPRegen 0.18/turn               H - ring of protection from fire

@: glowing
A: sense surroundings 1, otherworldly, glowing, explore regen, agile 1, low MP 1
a: Renounce Religion, Purification, Heal Other, Heal Self


You were on level 7 of the Dungeon.
You worshipped Elyvilon.
Elyvilon was most pleased with you.
You visited 1 branch of the dungeon, and saw 7 of its levels.
You also visited: Sewer.

You collected 171 gold pieces.

Inventory:

Hand Weapons
 a - a +0 dagger of electrocution (weapon)
 b - a +0 hunting sling
 q - a +0 falchion
 r - a +0 hunting sling
 D - a +2 dagger of holy wrath
 E - a +0 hand crossbow
Missiles
 f - 89 stones
 C - 14 poisoned darts (quivered)
 F - a curare-tipped dart
Armour
 g - a +0 pair of boots (worn)
 k - a +0 robe (worn)
 w - a +0 chain mail
 I - a +0 helmet (worn)
Magical Staves
 m - a staff of death
Jewellery
 d - a ring of fire
 y - a ring of fire
 G - a ring of magical power (left hand)
 H - a ring of protection from fire (right hand)
Scrolls
 c - 2 scrolls of acquirement {unknown}
 h - a scroll of fear {unknown}
 l - 5 scrolls of identify {unknown}
 s - a scroll of amnesia {unknown}
 t - a scroll of enchant weapon {unknown}
 u - 2 scrolls of vulnerability
 v - 2 scrolls of teleportation {unknown}
 x - a scroll of magic mapping {unknown}
 B - a scroll of poison {unknown}
 J - a scroll of enchant armour {unknown}
Potions
 e - a potion of might
 i - 2 potions of cancellation
 j - a potion of mutation
 n - a potion of heal wounds {unknown}
 o - a potion of brilliance {unknown}
 p - a potion of magic {unknown}
 z - a potion of curing
 A - a potion of haste {unknown}


   Skills:
 - Level 3.2 Fighting
 + Level 4.6(5.2) Short Blades
 - Level 3.9(5.1) Long Blades
 - Level 3.6 Dodging
 + Level 3.6 Stealth
 + Level 9.0 Invocations


You had 6 spell levels left.
You knew the following spells:

 Your Spells              Type           Power      Damage    Failure   Level
a - Apportation           Tloc           0%         N/A       32%         1

Your spell library contained the following spells:

 Spells                   Type           Power      Damage    Failure   Level
 Sandblast                Erth           0%         2d4       32%         1
 Passwall                 Tmut/Erth      0%         N/A       45%         2
 Stone Arrow              Conj/Erth      0%         3d7       69%         3
 Alistair's Intoxication  Tmut/Pois      0%         N/A       100%        5


Dungeon Overview and Level Annotations

Branches:
Dungeon (7/15)              Sewer (visited)
 Temple: D:4-7

Altars:
Elyvilon
Wu Jian

Annotations:
D:3 1 runed translucent door, turdburglar's ghost, amateur DsNe
D:7 Joseph


Innate Abilities, Weirdness & Mutations

You passively map a small area around you.
You are easily found by Zot.
You glow in the dark.
You regain HP and MP as you explore.
You are agile. (Dex +2)
Your magical capacity is low. (-10% MP)


Message History

You see here a poisoned dart.
C - 11 poisoned darts (gained 1)
You see here 3 poisoned darts.
C - 14 poisoned darts (gained 3)
You see here 17 stones.
f - 89 stones (gained 17) Autopickup is now on.
Found an escape hatch in the floor.
Found a stone staircase leading up.
Found 8 stones.
Found a ring mail.
Found a scroll labelled PUORUHOMNE.
There is a stone staircase leading up here.
Found 17 gold pieces.
Found a potion of might.
J - a scroll labelled PUORUHOMNE Joseph, a Mercenary comes into view.
He is wielding a +0 quarterstaff.
Joseph unwields a +0 quarterstaff.
Joseph wields a +2 vorpal hunting sling.
Joseph shoots a sling bullet.
The sling bullet barely misses you.
You see here 17 gold pieces.
You aren't carrying any items that you can evoke.
Okay, then.
Okay, then.
Okay, then.
Unknown command.
Found 18 gold pieces.
Joseph shoots a sling bullet.
The sling bullet hits you!!
Joseph unwields a +2 vorpal hunting sling.
Joseph wields a +0 quarterstaff.
Joseph hits you with a +0 quarterstaff!
It was a potion of cancellation.
You feel magically purged. Joseph hits you with a +0 quarterstaff!
It was a potion of mutation.
You feel extremely strange.
You feel less energetic.
You feel agile.
You feel less energetic.
You feel more energetic.
Joseph hits you with a +0 quarterstaff!!
* * * LOW HITPOINT WARNING * * *
Unknown command.
It was a potion of curing.
You feel better. Joseph hits you with a +0 quarterstaff!
You die...

### ##,#### ##.### #
#..#...###!.#.#.#
.........#....#.##
.$..........#....#
#.......$..#...# *
#...@@##.......#
#.....##......##
#.....##......# ###
#.....##....[..# ..#
* *
########......###
..# *
##≈≈##..#.....##
#.#*
#.≈≈.#..#......## *
.##,
#.≈≈.#..#<..#...####
..# **
#.≈≈.#..#..###......


You could see Joseph.

Vanquished Creatures
  Pargi (Sewer)
  A black bear (D:6)
  A phantom (D:4)
  2 kobold brigands (D:7)
  A jelly (D:6)
  A hound (D:2)
  An orc priest (D:7)
  An iguana (D:4)
  5 adders
  2 worms
  2 dart slugs (D:2)
  2 orcs
  4 endoplasms
  2 giant cockroaches
  6 goblins
  4 hobgoblins
  A quokka (D:2)
  A ball python (Sewer)
  6 bats
  8 frilled lizards
  6 kobolds
  3 rats
61 creatures vanquished.

Vanquished Creatures (others)
  A water moccasin (D:7)
  An orc (D:7)
  3 kobolds (D:7)
5 creatures vanquished.

Grand Total: 66 creatures vanquished

Notes
Turn   | Place    | Note
-------+----------+-------------------------------------------
     0 | D:1      | Spectrina the Meteoran Monk began the quest for the Orb.
     0 | D:1      | Reached XP level 1. HP: 19/19 MP: 2/2
   115 | D:1      | Found a faded altar of an unknown god.
   123 | D:1      | Prayed at the altar of an unknown god.
   123 | D:1      | Became a worshipper of Elyvilon the Healer
   123 | D:1      | Reached * piety under Elyvilon
   123 | D:1      | Reached ** piety under Elyvilon
   150 | D:2      | Reached skill level 1 in Invocations
   150 | D:2      | Reached XP level 2. HP: 20/26 MP: 3/3
   214 | D:1      | Reached *** piety under Elyvilon
   299 | D:1      | Reached skill level 2 in Invocations
   344 | D:2      | Reached XP level 3. HP: 20/31 MP: 4/6
   359 | D:2      | Reached skill level 3 in Invocations
   413 | D:2      | Reached skill level 4 in Invocations
   413 | D:2      | Reached XP level 4. HP: 23/38 MP: 6/8
   523 | D:3      | Found a runed translucent door.
   524 | D:3      | Noticed turdburglar's ghost (amateur DsNe)
   552 | D:3      | Noticed a moth of wrath
   635 | D:3      | Found a glowing drain.
   639 | Sewer    | Entered a sewer
   666 | Sewer    | Reached skill level 5 in Invocations
   666 | Sewer    | Reached XP level 5. HP: 26/45 MP: 9/9
   686 | Sewer    | Learned a level 1 spell: Apportation
   704 | Sewer    | Noticed Pargi
   721 | Sewer    | Killed Pargi
   722 | Sewer    | Reached skill level 6 in Invocations
   722 | Sewer    | Reached XP level 6. HP: 23/51 MP: 7/12
  1113 | D:2      | Reached skill level 7 in Invocations
  1290 | D:3      | Found an ornate altar of the Wu Jian Council.
  1368 | D:4      | Reached **** piety under Elyvilon
  1375 | D:4      | Noticed a sky beast
  1419 | D:4      | Reached skill level 1 in Short Blades
  1451 | D:4      | Reached XP level 7. HP: 38/57 MP: 13/13
  1481 | D:5      | Entered Level 5 of the Dungeon
  1728 | D:7      | Reached skill level 8 in Invocations
  1728 | D:7      | Reached XP level 8. HP: 63/63 MP: 11/15
  1902 | D:7      | Reached skill level 9 in Invocations
  1961 | D:7      | Noticed Joseph
  1966 | D:7      | Gained mutation: Your magical capacity is low. (-10% MP)
                  | [potion of mutation]
  1966 | D:7      | Gained mutation: You are agile. (Dex +2) [potion of
                  | mutation]
  1966 | D:7      | Gained mutation: Your magical capacity is very low. (-20%
                  | MP) [potion of mutation]
  1966 | D:7      | Lost mutation: Your magical capacity is very low. (-20% MP)
                  | [potion of mutation]
  1966 | D:7      | HP: 1/63 [Joseph/+0 quarterstaff (19)]
  1967 | D:7      | Slain by Joseph

Illustrated notes

Levels and vault maps discovered:
D:1:      heliophobic_arrival_ceremonial_halls, layout_basic,
          shapermc_ecumenical_altar_gd, st_stairs_9
D:2:      layout_basic, dk_vineyard_3, minmay_pentomino_s2
D:3:      layout_loops_ring, mainiacjoe_overflow_24_doors, tgw_trog,
          gup_sewer_entry_bowl, ebering_ghost_sewer_d
D:4:      layout_rooms, tgw_fedhas, grunt_ministairs_14,
          hangedman_abyss_or_decor_passed, nicolae_shop_unique_rings
D:5:      layout_gridville, kennysheep_small_spiral, uniq_crazy_yiuf_cottage,
          uniq_menkaure
D:6:      layout_rooms, serial_bayou_pond_e, roderic_lattice_a,
          roderic_serpentine_path, uniq_prince_ribbit1
D:7:      wad_river_or_something, layout_cave_pools,
          nicolae_tso_swordbearing_angel, minmay_temple_entry_crystal_x,
          uniq_joseph

Skill      XL: |  1  2  3  4  5  6  7  8 |
---------------+-------------------------+-----
Invocations    | 1 2 4 5 6 7 8 9 |  9.0
Short Blades   | 1 3 4 |  4.6
Stealth        | 2 3 |  3.6
Fighting       | |  3.2
Long Blades    | |  3.9
Dodging        | |  3.6

Action                   |  1- 3 |  4- 6 |  7- 9 || total
-------------------------+-------+-------+-------++-------
Melee: Falchion          |    68 |    80 |       ||   148
       Punch             |     2 |     2 |       ||     4
       Dagger            |       |    72 |    50 ||   122
 Fire: Hunting sling     |       |       |     4 ||     4
Throw: Stone             |       |     1 |       ||     1
       Dart              |       |       |     5 ||     5
Invok: Heal Self         |       |     1 |     2 ||     3
       Heal Other        |       |       |     8 ||     8
  Use: Potion            |       |     3 |     3 ||     6
       Scroll            |       |     1 |       ||     1
Armor: Robe              |    16 |    69 |    32 ||   117
Dodge: Dodged            |    39 |   126 |    58 ||   223

Table legend: (Time is in decaauts)
 A = Elapsed time spent in this place.
 B = Non-inter-level travel time spent in this place.
 C = Inter-level travel time spent in this place.
 D = Time resting spent in this place.
 E = Time spent auto-exploring this place.
 F = Levels seen in this place.
 G = Mean time per level.
                   A        B        C        D        E       F      G
               +--------+--------+--------+--------+--------+-----+--------+
         Total |   1989 |   1970 |     19 |      0 |      0 |   8 |  248.6 |
       Dungeon |   1858 |   1839 |     19 |      0 |      0 |   7 |  265.4 |
         Sewer |    130 |    130 |      0 |      0 |      0 |   1 |  130.0 |
               +--------+--------+--------+--------+--------+-----+--------+

Top non-repeatable levels by time:
     D:2: 480 daAuts
     D:3: 434 daAuts
     D:1: 338 daAuts
     D:7: 317 daAuts
     D:4: 143 daAuts
   Sewer: 130 daAuts
     D:5: 101 daAuts
     D:6: 42 daAuts
